 Dungeon Crawl Stone Soup version 0.27.0-65-ge2af304b15 (webtiles) character file.

Game seed: 6961818444603576277

30 Malachi the Grasshopper (level 3, 0/28 HPs)
             Began as a Palentonga Warper on Aug 19, 2021.
             Succumbed to an adder's poison
             ... on level 2 of the Dungeon.
             The game lasted 00:02:49 (1788 turns).

Malachi the Grasshopper (Palentonga Warper)         Turns: 1788, Time: 00:02:50

Health: 0/28       AC:  4    Str: 15    XL:     3   Next: 3%
Magic:  1/6        EV:  9    Int: 13    God:
Gold:   91         SH:  0    Dex:  9    Spells: 4/6 levels left

rFire    . . .     SeeInvis +   a - +0 falchion
rCold    . . .     Faith    .   (no shield)
rNeg     + . .     Spirit   .   b - +0 leather armour
rPois    .         Reflect  .   (no helmet)
rElec    .         Harm     .   (no cloak)
rCorr    .         Rampage  .   (no gloves)
Will     .....                  (no barding)
Stlth    +.........             (no amulet)
HPRegen  0.09/turn              g - ring of positive energy
MPRegen  0.10/turn              (no ring)

@: lethally poisoned (0 -> -3)
A: large, rugged brown scales 3, see invisible, deformed body, roll 1, armoured
tail
a: Rolling Charge


You were on level 2 of the Dungeon.
You visited 1 branch of the dungeon, and saw 2 of its levels.

You collected 91 gold pieces.

Inventory:

Hand Weapons
 a - a +0 falchion (weapon)
Missiles
 d - 5 boomerangs of dispersal (quivered)
Armour
 b - a +0 leather armour (worn)
Jewellery
 g - a ring of positive energy (left hand)
Scrolls
 c - a scroll of blinking
Potions
 e - a potion of magic {unknown}
 f - a potion of ambrosia {unknown}


   Skills:
 - Level 2.2 Fighting
 + Level 2.5 Long Blades
 - Level 0.6 Throwing
 - Level 1.2 Armour
 - Level 1.7 Dodging
 - Level 2.0 Spellcasting
 * Level 3.3 Translocations


You had 4 spell levels left.
You knew the following spells:

 Your Spells              Type           Power      Damage    Failure   Level
a - Blink                 Tloc           N/A        N/A       12%         2

Your spell library contained the following spells:

 Spells                   Type           Power      Damage    Failure   Level
 Gell's Gravitas          Tloc           4%         N/A       24%         3
 Lesser Beckoning         Tloc           4%         N/A       24%         3
 Teleport Other           Tloc           9%         N/A       24%         3
 Manifold Assault         Tloc           9%         N/A       92%         5


Dungeon Overview and Level Annotations

Branches:
Dungeon (2/15)

Altars:
Uskayaw


Innate Abilities, Weirdness & Mutations

You are completely covered in rugged brown scales. (AC +3, +7% HP)
You have supernaturally acute eyesight. (SInv)
Armour fits poorly on your strangely shaped body.
You can roll at nearby foes to attack.
You have a long armoured tail.


Message History

Unknown command.
Casting: Blink (safe; 12% risk of failure)
Confirm with . or Enter, or press ? or * to list all spells.
You blink.
The goblin shoots a stone.
The stone hits you.
An endoplasm comes into view.
Roll where?
Press: ? - help, Dir - move target, f/p - adder
Aim: an adder (heavily wounded)
You roll forward with a clatter of scales!
You closely miss the adder.
The adder is heavily wounded.
The adder closely misses you. The adder bites you.
You hit the adder.
Your tail-slap misses the adder.
The adder is heavily wounded.
The adder bites you but does no damage.
The goblin shoots a stone.
The stone barely misses you.
The endoplasm quivers.
You hit the adder but do no damage.
The adder is heavily wounded.
The adder bites you but does no damage. The adder barely misses you.
Unknown command.
You barely miss the adder.
Your tail-slap misses the adder.
The adder is heavily wounded.
The goblin shoots a stone.
The stone hits you but does no damage. The adder barely misses you.
Your magical contamination has completely faded away.
You miss the adder.
Your tail-slap misses the adder.
The adder is heavily wounded.
The adder bites you.
The goblin shoots a stone.
The stone hits you. The adder bites you.
You are poisoned.
The adder poisons you!
The goblin shoots a stone.
The stone completely misses you.
You feel sick. The adder closely misses you.
The goblin shoots a stone.
The stone hits you.
* * * LOW HITPOINT WARNING * * *
* * * LOW HITPOINT WARNING * * *
You feel sick.
The goblin shoots a stone.
The stone barely misses you. The adder barely misses you.
You die...

#.######## #.# #.# ##.##
#.### ...# #...# # #..#
###.# #. ###..# #.##
#.##:#g.# #..##
##.......#########...####
+.....S.@...............+
####...########......####
##J## #.##..## #.#
#.##..# #.# #.##..# #.#
#.###.# #.# #.# .. #.#
#.# .## #.# #.. .#


You could see an adder, an endoplasm and a goblin.

Vanquished Creatures
  4 ball pythons
  4 endoplasms
  2 giant cockroaches (D:1)
  6 goblins
  3 jackals (D:1)
  A quokka (D:1)
  2 bats (D:1)
  3 frilled lizards
  2 rats (D:1)
27 creatures vanquished.

Notes
Turn   | Place    | Note
-------+----------+-------------------------------------------
     0 | D:1      | Malachi the Palentonga Warper began the quest for the Orb.
     0 | D:1      | Reached XP level 1. HP: 17/17 MP: 3/3
   272 | D:1      | Reached skill level 1 in Armour
   282 | D:1      | Reached XP level 2. HP: 17/23 MP: 5/5
   294 | D:1      | Learned a level 2 spell: Blink
  1434 | D:2      | Found a hide-covered altar of Uskayaw.
  1691 | D:2      | Found a faded altar of an unknown god.
  1718 | D:2      | Reached XP level 3. HP: 28/28 MP: 6/6
  1787 | D:2      | HP: 1/28 [poisoned by an adder]
  1788 | D:2      | Succumbed to an adder's poison

Illustrated notes

Levels and vault maps discovered:
D:1:      psy_arrival_radial01, layout_loops_corners
D:2:      layout_loops_corners, basic_altar, serial_shops, shop,
          shapermc_ecumenical_altar_pompeii

Skill      XL: |  1 |
---------------+----+-----
Armour         | 1 |  1.2
Fighting       | |  2.2
Long Blades    | |  2.5
Throwing       | |  0.6
Dodging        | |  1.7
Spellcasting   | |  2.0
Translocations | |  3.3

Action                   || total
-------------------------++-------
Melee: Falchion          ||    66
       Tailslap          ||     4
 Cast: Blink             ||     8
 Abil: Rolling Charge    ||    26
  Use: Scroll            ||     1
Armor: Leather armour    ||    21
Dodge: Dodged            ||    36
       Rpst.: Falchion   ||    13
